 Dungeon Crawl Stone Soup version 0.29-a0-414-g5075937ec3 (webtiles) character file.

Game seed: 11730131989381196128

177168 dolemite99 the Fencer (level 18, -19/226 HPs)
             Began as a Barachi Hunter on May 15, 2022.
             Was a High Priest of Trog.
             Demolished by a culicivora (24 damage)
             ... on level 2 of the Spider Nest.
             The game lasted 01:09:33 (51661 turns).

dolemite99 the Fencer (Barachi Hunter)             Turns: 51661, Time: 01:09:34

Health: -19/226    AC: 26    Str: 18    XL:     18   Next: 15%
Magic:  0/18       EV: 18    Int: 14    God:    Trog [*****.]
Gold:   423        SH:  0    Dex: 34    Spells: 17/17 levels left

rFire   . . .      SeeInvis +   b - +0 great sword (vamp)
rCold   . . .      Faith    .   (shield currently unavailable)
rNeg    + . .      Spirit   +   w - +2 chain mail {rPois}
rPois   +          Reflect  .   Y - +1 helmet {Int+3}
rElec   .          Harm     .   y - +2 cloak "Xemnegai" {Dex+3}
rCorr   .          Rampage  .   S - +2 pair of gloves {Dex+3}
Will    ++++.                   P - +0 pair of boots "Rext" {Dex+2}
Stlth   ..........              M - amulet of guardian spirit
HPRegen 1.47/turn               i - ring of Nodarphe {Fly rN+ Will+ Str+3 SInv}
MPRegen 0.16/turn               W - +6 ring of dexterity

@: berserking, strong-willed, unable to hop, flying, regenerating, very quick
A: amphibious, slowness 1, strong legs 2, +LOS
a: Hop, Renounce Religion, Berserk, Trog's Hand, Brothers in Arms


You were on level 2 of the Spider Nest.
You worshipped Trog.
Trog was extremely pleased with you.
You visited 5 branches of the dungeon, and saw 28 of its levels.
You visited the Abyss 1 time.
You also visited: Bailey.

You collected 2581 gold pieces.
You spent 2158 gold pieces at shops.

Inventory:

Hand Weapons
 a - a +2 longbow
 b - a +0 vampiric great sword (weapon)
 p - a +4 antimagic great sword
 u - a +0 great sword
 C - a +2 vorpal double sword
 L - a +0 longbow
 V - a +2 long sword of freezing
Missiles
 e - 926 stones
 z - 31 poisoned darts
 G - 14 boomerangs
Armour
 j - a +2 chain mail of willpower
 w - a +2 chain mail of poison resistance (worn)
 y - the +2 cloak "Xemnegai" (worn) {Dex+3}
   (You found it on level 7 of the Dungeon)

   Dex:       It affects your dexterity (+3).
 P - the +0 pair of boots "Rext" (worn) {Dex+2}
   (You found it in a bailey)

   Dex:       It affects your dexterity (+2).
 S - a +2 pair of gloves of dexterity (worn)
 Y - a +1 helmet of intelligence (worn)
Jewellery
 h - a ring of see invisible
 i - the ring of Nodarphe (left hand) {Fly rN+ Will+ Str+3 SInv}
   (You bought it in a shop on level 2 of the Orcish Mines)

   [ring of willpower]

   Str:       It affects your strength (+3).
   rN:        It protects you from negative energy.
   SInv:      It lets you see invisible.
   Fly:       It grants you flight.
   Will:      It increases your willpower.
 r - a ring of magical power
 B - a ring of positive energy
 F - the ring "Muewudid" {rPois rF+++ rN+++ Will- Str-4}
   (You found it on level 1 of the Spider Nest)

   [ring of poison resistance]

   Str:       It affects your strength (-4).
   rF:        It renders you almost immune to fire.
   rPois:     It protects you from poison.
   rN:        It renders you almost immune to negative energy.
   Will:      It decreases your willpower.
 J - a ring of willpower
 M - an amulet of guardian spirit (around neck)
 R - the ring "Miutuaci" {Fly Int+2}
   (You found it on level 2 of the Swamp)

   [ring of flight]

   Int:       It affects your intelligence (+2).
   Fly:       It grants you flight.
 W - a +6 ring of dexterity (right hand)
Wands
 x - a wand of flame (39)
 A - a wand of paralysis (7)
 I - a wand of charming (18)
 N - a wand of iceblast (5)
 X - a wand of polymorph (14)
Scrolls
 c - 7 scrolls of immolation
 d - 11 scrolls of teleportation
 l - 3 scrolls of identify {@r1}
 q - 2 scrolls of fear
 t - 4 scrolls of fog
 v - 4 scrolls of vulnerability
Potions
 f - 5 potions of resistance
 g - 6 potions of attraction
 k - 2 potions of ambrosia
 m - 3 potions of might
 n - 4 potions of heal wounds
 o - 3 potions of lignification
 s - 7 potions of haste
 D - a potion of magic
 E - 6 potions of brilliance
 H - 7 potions of flight
 K - 10 potions of curing
 Q - 2 potions of invisibility
 T - 3 potions of cancellation
Miscellaneous
 O - a tin of tremorstones (inert)


   Skills:
 + Level 15.7 Fighting
 - Level 9.4(14.6) Short Blades
 - Level 19.1(20.0) Long Blades
 + Level 18.5 Bows
 - Level 14.7 Armour
 + Level 10.9 Dodging
 - Level 0.8 Stealth
 - Level 9.0 Evocations


You had 17 spell levels left.
You didn't know any spells.
Your spell library was empty.

Dungeon Overview and Level Annotations

Branches:
Dungeon (15/15) Temple (0/1) D:5 Lair (6/6) D:11 Swamp (3/4) Lair:4 Spider (2/4) Lair:3 Slime (0/5) Lair:5 Orc (2/2) D:10 Elf (0/3) Orc:2 Vaults (0/5) D:12 D:13 Depths (0/4) D:15 Bailey (visited)

Altars:
Elyvilon
Fedhas
Kikubaaqudgha
Makhleb
Nemelex Xobeh
Qazlal
Ru
Sif Muna
Trog
Uskayaw
Vehumet
Wu Jian
Xom
Zin
Beogh
Lugonu

Shops:
D:4 (   D:8 *   D:13 =(=   D:15 [!   Orc:2 [(*=

Portals:
Abyss: D:6
Trove: D:11 (give 3 potions of resistance)

Annotations:
Lair:4 exclusion: oklob plant
Lair:5 1 runed translucent door, Caath's ghost, journeyman DrFi
Swamp:3 3 runed translucent doors, Roxanne; freelancePsychic's ghost, adept DsNe


Innate Abilities, Weirdness & Mutations

You are amphibious.
You cover ground slowly.
You can hop long distances.
You have an extended range of vision and can be seen from far away.


Message History

The culicivora draws strength from your injuries!
The moth of wrath bites you!
The culicivora bites you but does no damage.
You miss the culicivora. The culicivora bites you.
The culicivora barely misses you. The moth of wrath misses you.
The culicivora bites you!!
The culicivora draws strength from your injuries!
The jumping spider leaps!
The culicivora bites you!
The culicivora draws strength from your injuries!
Hop to where?
Press: ? - help, Dir - move target Boing!
Aiming: Iceblast
Press: ? - help, Shift-Dir - straight line The mass of ice explodes!
The iceblast engulfs the culicivora!!
The culicivora is severely wounded.
The iceblast engulfs the culicivora!!
The culicivora is moderately wounded.
You miss the culicivora.
The culicivora is severely wounded.
The culicivora bites you!
* * * LOW HITPOINT WARNING * * *
The culicivora draws strength from your injuries!
The culicivora completely misses you. The culicivora misses you.
A red film seems to cover your vision as you go berserk!
You feel yourself moving faster!
You feel mighty! The culicivora completely misses you.
The culicivora bites you!!
* * * LOW HITPOINT WARNING * * *
The culicivora draws strength from your injuries!
The culicivora bites you!!
* * * LOW HITPOINT WARNING * * *
The culicivora draws strength from your injuries!
The culicivora misses you. The culicivora bites you!
* * * LOW HITPOINT WARNING * * *
The culicivora draws strength from your injuries!
You barely miss the culicivora.
The culicivora is heavily wounded.
The jumping spider leaps!
The culicivora closely misses you. The culicivora bites you!!
You die...

.. ##.....#......^... ...
#......††...†..... ....##
##....†.....#..... .)..#..
#.##†......#..... #......
###†......##.....
.......###......#####....
....^#..........##.......
.....^...........##......
........@.........##.....
.......ss..s...†...#.....
..####..y.......<.##.....
.. #......###.....##.....
... #.....###.......##.##.
....###...####......####..
##....##...# #......# #...
#......°.††# #....... ####
...†......## .^....#.#


You could see a moth of wrath, 2 culicivoras and a jumping spider.

Vanquished Creatures
  Rupert (D:12)
  Gastronok (D:8)
  A sphinx (D:14)
  A thorn hunter (Swamp:3)
  Kirke (D:12)
  Donald (Swamp:1)
  2 emperor scorpions (Spider:1)
  Aizul (Swamp:1)
  2 orc warlords (Orc:2)
  2 ghouls (Swamp:2)
  2 eleionomae
  3 bunyips
  2 green draconians (Swamp:1)
  A dire elephant (D:15)
  An entropy weaver (Spider:2)
  Snorg (Lair:5)
  A fire dragon (D:14)
  Josephine (Lair:4)
  3 shambling mangroves
  A great orb of eyes (D:14)
  Harold (Lair:1)
  An ice dragon (Orc:2)
  2 radroaches (Spider:1)
  4 boulder beetles
  A death knight (D:14)
  13 hydras
  2 ogre magi (D:15)
  3 catoblepae
  14 two-headed ogres
  7 centaur warriors
  12 death yaks
  8 alligators
  A death scarab (Spider:1)
  2 tengu warriors
  2 orc high priests (Orc:2)
  A deep troll earth mage (D:14)
  A sun moth (Spider:2)
  3 pharaoh ants
  Amaemon (D:11)
  2 spriggan druids
  A steelbarb worm (Spider:1)
  5 swamp dragons
  6 bog bodies
  5 goliath frogs
  The ghost of Antichthon the Basher, a novice GrFi (D:7)
  6 orb spiders
  2 wizards (D:14)
  Pikel (D:5)
  A deep elf pyromancer (D:14)
  6 orc knights
  A lindwurm (Lair:4)
  8 wolf spiders
  6 manticores
  An oklob plant (D:11)
  4 orc sorcerers (Orc:2)
  7 ugly things
  A cyclops (Orc:2)
  A moth of wrath (Spider:2)
  A salamander (D:15)
  19 elephants
  A will-o-the-wisp (Swamp:3)
  The ghost of zeratav the Geomancer, a novice OpEE of Gozag (D:5)
  5 torpor snails
  A black mamba (Lair:5)
  An orange demon (Lair:1)
  3 gargoyles
  26 cane toads
  An unseen horror (D:13)
  4 demonic crawlers (Spider:1)
  4 kobold demonologists
  2 rime drakes
  A yaktaur (D:14)
  9 komodo dragons
  3 freezing wraiths (D:14)
  6 polar bears
  9 tyrant leeches
  A troll (shapeshifter) (D:10)
  11 hornets
  11 tarantellas
  6 trolls
  5 slime creatures
  28 blink frogs
  7 dream sheep (Lair:6)
  19 jumping spiders
  11 culicivoras
  48 yaks
  6 wraiths
  7 spriggans
  2 wyverns
  2 shadows
  16 humans
  2 hogs (D:12)
  3 basilisks
  2 steam dragons
  Edmund (D:4)
  25 redbacks
  7 swamp worms
  21 vampire mosquitoes
  2 wargs
  5 acid dragons
  A meliai simulacrum (D:14)
  10 water moccasins
  45 orc warriors
  An ice beast (D:3)
  3 sky beasts
  13 ogres
  3 swamp drakes
  3 black bears
  26 wolves
  8 centaurs
  3 kobold brigands
  18 bullfrogs
  3 gnoll sergeants
  4 necrophages
  4 scorpions
  A wight (D:10)
  6 killer bees
  2 howler monkeys
  An electric eel (Lair:6)
  4 crimson imps (D:6)
  2 lava snakes (Lair:3)
  13 jellies (Lair:5)
  5 hounds
  17 orc priests
  3 gnoll shamans
  6 iguanas
  22 orc wizards
  6 hell rats (Lair:4)
  8 adders
  27 gnolls
  A river rat (shapeshifter) (D:14)
  A white imp (D:7)
  5 ufetubi
  76 orcs
  7 endoplasms
  2 giant cockroaches (D:1)
  8 goblins
  6 hobgoblins
  4 jackals (D:4)
  4 quokkas
  8 ball pythons
  9 bats
  2 frilled lizards
  20 kobolds
  10 rats
  2 lurking horrors (D:6)
951 creatures vanquished.

Vanquished Creatures (collateral kills)
  A manticore (D:9)
  An orc priest (D:10)
  3 orcs (D:10)
5 creatures vanquished.

Vanquished Creatures (others)
  Erica (D:9)
  A bloated husk (Swamp:1)
  A tarantella (Spider:1)
  A human (D:12)
  2 bushes (Lair:6)
  2 foxfires (Swamp:3)
  97 fungi
  134 plants
  A withered plant (D:11)
240 creatures vanquished.

Grand Total: 1196 creatures vanquished

Notes
Turn   | Place    | Note
-------+----------+-------------------------------------------
     0 | D:1      | dolemite99 the Barachi Hunter began the quest for the Orb.
     0 | D:1      | Reached XP level 1. HP: 17/17 MP: 1/1
   101 | D:1      | Reached XP level 2. HP: 23/23 MP: 2/2
   459 | D:1      | Found a faded altar of an unknown god.
   484 | D:1      | Prayed at the altar of an unknown god.
   484 | D:1      | Became a worshipper of Trog the Wrathful
   484 | D:1      | Reached * piety under Trog
   649 | D:1      | Reached XP level 3. HP: 28/28 MP: 3/3
   927 | D:2      | Reached skill level 5 in Bows
  2770 | D:3      | Reached skill level 1 in Short Blades
  2770 | D:3      | Reached XP level 4. HP: 34/34 MP: 4/4
  2775 | D:3      | Noticed an ice beast
  2789 | D:3      | Killed an ice beast
  2790 | D:3      | Reached XP level 5. HP: 20/39 MP: 5/5
  3439 | D:3      | Found an ancient bone altar of Kikubaaqudgha.
  3875 | D:4      | Reached ** piety under Trog
  3971 | D:4      | Reached XP level 6. HP: 46/46 MP: 6/6
  4008 | D:4      | Found a stormy altar of Qazlal.
  4090 | D:4      | Noticed Edmund
  4103 | D:4      | Killed Edmund
  4167 | D:4      | Found Duulayth's Weapon Shop.
  4301 | D:4      | Found a burning altar of Makhleb.
  4318 | D:4      | Noticed a black bear
  4330 | D:4      | Reached XP level 7. HP: 51/51 MP: 7/7
  4335 | D:4      | Reached skill level 5 in Short Blades
  5095 | D:5      | Entered Level 5 of the Dungeon
  5160 | D:5      | Found a hide-covered altar of Uskayaw.
  5618 | D:5      | Found a staircase to the Ecumenical Temple.
  5710 | D:5      | Found a transporter.
  5713 | D:5      | Noticed zeratav's ghost (novice OpEE)
  5719 | D:5      | Found a transporter.
  6304 | D:5      | Reached XP level 8. HP: 46/57 MP: 8/8
  6416 | D:5      | Noticed Pikel
  6947 | D:5      | Killed Pikel
  8034 | D:6      | Found a white marble altar of Elyvilon.
  8064 | D:6      | Reached XP level 9. HP: 62/62 MP: 9/9
  9252 | D:6      | Found a corrupted altar of Lugonu.
  9572 | D:6      | Found a glowing silver altar of Zin.
  9652 | D:6      | Found a one-way gate to the infinite horrors of the Abyss.
  9717 | D:6      | Reached skill level 10 in Bows
 10068 | D:6      | Found a shimmering altar of Xom.
 10825 | D:7      | Found a sparkling altar of Nemelex Xobeh.
 11183 | D:7      | Identified the +2 cloak "Xemnegai" {Dex+3}
 11195 | D:7      | Identified the +3 great mace of Zouzomuh {freeze, Dex+5}
 11196 | D:7      | Noticed Antichthon's ghost (novice GrFi)
 11197 | D:7      | Found a transporter.
 11200 | D:7      | Found a transporter.
 11446 | D:8      | Reached XP level 10. HP: 68/68 MP: 10/10
 11982 | D:8      | Found a shimmering blue altar of Sif Muna.
 12139 | D:8      | Found Usackynawk's Assorted Antiques.
 12245 | D:8      | Bought a yellow potion for 28 gold pieces
 12245 | D:8      | Bought a scroll of identify for 64 gold pieces
 12245 | D:8      | Bought a scroll labelled LIF XETEYCEMPY for 32 gold pieces
 12417 | D:8      | Noticed Gastronok
 12458 | D:8      | Killed Gastronok
 12936 | D:9      | Found an ornate altar of the Wu Jian Council.
 13040 | D:9      | Reached *** piety under Trog
 13490 | D:9      | Noticed Erica
 13499 | D:9      | Noticed a manticore
 13505 | D:9      | Killed Erica
 13507 | D:9      | Killed a manticore
 13508 | D:9      | Reached XP level 11. HP: 35/73 MP: 11/11
 13817 | D:9      | Identified a scroll of acquirement
 13817 | D:9      | Acquired a manual of Long Blades
 14027 | D:9      | Reached skill level 2 in Long Blades
 14396 | D:9      | Reached skill level 3 in Long Blades
 14409 | D:9      | Reached skill level 4 in Long Blades
 14446 | D:9      | Found a blossoming altar of Fedhas.
 14457 | D:10     | Entered Level 10 of the Dungeon
 14484 | D:10     | Reached skill level 5 in Long Blades
 14529 | D:10     | Found a staircase to the Orcish Mines.
 14665 | D:10     | Reached skill level 6 in Long Blades
 14744 | D:10     | Found a sacrificial altar of Ru.
 15012 | D:10     | Found a flagged portal.
 15017 | Bailey   | Entered a bailey
 15314 | Bailey   | Reached skill level 7 in Long Blades
 15665 | Bailey   | Reached skill level 8 in Long Blades
 16027 | Bailey   | Identified the +0 pair of boots "Rext" {Dex+2}
 16257 | D:10     | Noticed a two-headed ogre
 16265 | D:10     | Killed a two-headed ogre
 16266 | D:10     | Reached skill level 10 in Long Blades
 16489 | D:10     | Reached skill level 11 in Long Blades
 16489 | D:10     | Noticed a harpy
 16497 | D:10     | Noticed a salamander
 16497 | D:10     | a harpy changed into a salamander
 17285 | D:10     | Noticed an eight-headed hydra
 17289 | D:10     | Reached skill level 12 in Long Blades
 17689 | D:11     | Noticed a two-headed ogre
 17700 | D:11     | Killed a two-headed ogre
 17911 | D:11     | Noticed an oklob plant
 18042 | D:11     | Noticed a two-headed ogre
 18043 | D:11     | Found an ancient bone altar of Kikubaaqudgha.
 18056 | D:11     | Killed a two-headed ogre
 18057 | D:11     | Reached skill level 13 in Long Blades
 18222 | D:11     | Noticed a two-headed ogre
 18234 | D:11     | Killed a two-headed ogre
 18235 | D:11     | Reached skill level 14 in Long Blades
 18799 | D:11     | Reached skill level 1 in Armour
 19311 | D:11     | Found a portal to a secret trove of treasure.
 19340 | D:11     | Found a staircase to the Lair.
 19693 | Lair:1   | Entered Level 1 of the Lair of Beasts
 19695 | Lair:1   | Noticed Amaemon
 19710 | D:11     | Killed Amaemon
 19711 | D:11     | Reached XP level 12. HP: 47/83 MP: 12/12
 20419 | D:11     | Reached skill level 5 in Fighting
 21327 | Lair:1   | Reached skill level 5 in Armour
 21649 | Lair:1   | Noticed Harold
 21713 | Lair:1   | Killed Harold
 22608 | Lair:2   | Reached skill level 5 in Dodging
 22687 | Lair:2   | Identified the +4 dagger of Royalism {vorpal, MP+9 Int+3}
 22853 | Lair:2   | Acquired a +2 vorpal double sword
 23682 | Lair:3   | Found a hole to the Spider Nest.
 24479 | Lair:3   | Gained mutation: You can hop long distances. [Barachi
                  | growth]
 24479 | Lair:3   | Reached XP level 13. HP: 41/95 MP: 13/13
 24495 | Lair:3   | Reached skill level 1 in Evocations
 25270 | Lair:4   | Found a staircase to the Swamp.
 25288 | Lair:4   | Reached **** piety under Trog
 25289 | Lair:4   | Reached skill level 5 in Evocations
 26086 | Lair:4   | Noticed Josephine
 26285 | Lair:4   | Identified the +12 fustibalus of Extremism {freeze, +Blink
                  | Dex+2}
 26910 | Lair:4   | Killed Josephine
 27348 | Swamp:1  | Entered Level 1 of the Swamp
 27763 | Lair:5   | Found a runed translucent door.
 27763 | Lair:5   | Noticed Caath's ghost (journeyman DrFi)
 27808 | Lair:5   | Reached skill level 15 in Bows
 28139 | Lair:5   | Found a staircase to the Slime Pits.
 28559 | Lair:5   | Noticed Snorg
 28693 | Lair:5   | Killed Snorg
 28763 | Lair:5   | Reached XP level 14. HP: 103/103 MP: 14/14
 28951 | Lair:6   | Entered Level 6 of the Lair of Beasts
 29724 | Lair:6   | Reached skill level 10 in Fighting
 31419 | Lair:6   | Reached ***** piety under Trog
 31420 | Lair:6   | Reached XP level 15. HP: 119/124 MP: 15/15
 31534 | Lair:6   | Reached skill level 10 in Armour
 33018 | Orc:1    | Entered Level 1 of the Orcish Mines
 33120 | D:5      | Killed zeratav's ghost
 33226 | D:7      | Killed Antichthon's ghost
 33403 | Orc:2    | Entered Level 2 of the Orcish Mines
 33511 | Orc:2    | Noticed an orc warlord
 33527 | Orc:2    | Killed an orc warlord
 33790 | Orc:2    | Found Toaq's Antique Armour Emporium.
 33852 | Orc:2    | HP: 6/178 [sun demon[an orc sorcerer] (11)]
 34683 | Orc:2    | Found Iluokit's Jewellery Boutique.
 34693 | Orc:2    | Bought a ring of see invisible for 210 gold pieces
 34897 | Orc:2    | Reached skill level 15 in Long Blades
 34966 | Orc:2    | Found Qinnaiw's Antique Weapon Emporium.
 35003 | Orc:2    | Noticed an orc warlord
 35013 | Orc:2    | Killed an orc warlord
 35123 | Orc:2    | Found Podoan's General Store.
 35124 | Orc:2    | Found a staircase to the Elven Halls.
 35149 | Orc:2    | Bought a scroll of fear for 38 gold pieces
 35149 | Orc:2    | Bought a potion of invisibility for 88 gold pieces
 35149 | Orc:2    | Bought 2 potions of flight for 66 gold pieces
 35868 | Orc:2    | Bought a pair of runed gloves for 247 gold pieces
 36182 | Orc:2    | Bought a glowing helmet for 247 gold pieces
 36215 | Orc:2    | Bought an embroidered cloak for 247 gold pieces
 36257 | Orc:2    | Bought the ring of Nodarphe {Fly rN+ Will+ Str+3 SInv} for
                  | 683 gold pieces
 36390 | D:12     | Noticed Kirke
 36682 | D:12     | Killed Kirke
 36708 | D:12     | Found a radiant altar of Vehumet.
 36716 | D:12     | Reached skill level 16 in Long Blades
 36718 | D:12     | Identified the +1 leather armour "Lyveu" {rN++ rCorr Int-4
                  | Dex+4}
 37265 | D:13     | Noticed Rupert
 37265 | D:13     | Found a gate to the Vaults.
 37266 | D:13     | Paralysed by Rupert for 5 turns
 37774 | D:12     | Killed Rupert
 37803 | D:12     | Received a gift from Trog
 37920 | D:12     | Reached skill level 17 in Long Blades
 38067 | D:13     | Reached XP level 16. HP: 131/131 MP: 16/16
 39151 | D:13     | Found Tyockor's Jewellery Shoppe.
 39376 | D:13     | Found Jyaprui's Weapon Boutique.
 39467 | D:13     | Found Vufeal's Jewellery Boutique.
 40194 | D:14     | Cast into level 2 of the Abyss (a wizard)
 40222 | D:14     | Escaped the Abyss
 41299 | D:14     | Noticed a sphinx
 41306 | D:14     | Killed a sphinx
 41369 | D:14     | Found the +8 demon trident "Rift" {distort, reach+}
 41860 | D:15     | Entered Level 15 of the Dungeon
 41935 | D:15     | Found Waoproro's Armour Boutique.
 42351 | D:15     | Found a staircase to the Depths.
 42601 | D:15     | Found Qyleteh's Distillery.
 43147 | D:15     | Bought a potion of resistance for 160 gold pieces
 43147 | D:15     | Bought a potion of curing for 48 gold pieces
 43635 | Swamp:1  | Noticed Donald
 43658 | Swamp:1  | Killed Donald
 43664 | Swamp:1  | Noticed Aizul
 43678 | Swamp:1  | Killed Aizul
 43679 | Swamp:1  | Reached skill level 18 in Long Blades
 44128 | Swamp:1  | Reached XP level 17. HP: 138/139 MP: 15/17
 45635 | Swamp:2  | Reached skill level 19 in Long Blades
 46138 | Swamp:2  | You are sucked into a shaft and drop 1 floor!
 46282 | Swamp:3  | Noticed Roxanne
 47518 | Swamp:3  | Found a runed translucent gate.
 47518 | Swamp:3  | Found a runed translucent gate.
 47518 | Swamp:3  | Found a runed translucent gate.
 47520 | Swamp:3  | Noticed freelancePsychic's ghost (adept DsNe)
 47674 | Swamp:2  | Identified the ring "Miutuaci" {Fly Int+2}
 47796 | Spider:1 | Entered Level 1 of the Spider Nest
 49091 | Spider:1 | Reached skill level 15 in Fighting
 49091 | Spider:1 | Reached skill level 10 in Dodging
 50613 | Spider:1 | Identified the ring "Muewudid" {rPois rF+++ rN+++ Will-
                  | Str-4}
 50762 | Spider:2 | Reached XP level 18. HP: 149/149 MP: 14/18
 51660 | Spider:2 | HP: 4/226 [culicivora (9)]
 51661 | Spider:2 | Demolished by a culicivora

Illustrated notes

Levels and vault maps discovered:
D:1:      zaba_arrival_water, layout_basic, nicolae_ecumenical_snake_handling
D:2:      layout_loops_corners, minmay_goblin_kobold_house
D:3:      layout_rooms, mainiacjoe_overflow_concentric_impassable
D:4:      layout_cave_pods, nicolae_qazlal_eye_of_the_storm,
          kennysheep_mini_moat, chequers_ossuary_entry_cave,
          nicolae_inconvenience_store, uniq_edmund
D:5:      layout_cave_pods, general_overflow_altar, temple_statues,
          gammafunk_ghost_arena, hex_large, guppyfry_early_orc_mine, uniq_pikel
D:6:      layout_gridville, led_xom_imps, mainiacjoe_overflow_chevrons,
          nicolae_overflow_hidden_temple, zin_academy,
          amcnicky_altar_lugonu_corruption
D:7:      layout_rooms, nemelex_xobeh_ov_fountains_minmay, gammafunk_ghost_smash
D:8:      layout_rooms, mainiacjoe_overflow_catwalk, serial_shops,
          nicolae_shop_waterfront, kennysheep_minor_cross,
          chequers_serial_rivers_room_a, minmay_misc_feat_secret_circle,
          uniq_gastronok
D:9:      layout_loops_ring, nicolae_wu_jian_wuxing_cycle, fedhas_altar_3,
          uniq_erica
D:10:     layout_roguey, hangedman_ru_absence, david_orc_3, enter_bailey_4,
          evilmike_minifort
D:11:     layout_rooms, dpeg_oklobed_lair, enter_trove_6,
          kiku_gazebo_garden_becter
D:12:     layout_loops_cross, vehumet_altar_wand_db, uniq_kirke
D:13:     layout_loops_corners, david_vaults_3, serial_shops,
          nicolae_shop_advertising_works [nicolae_subvault_shop_adworks],
          nicolae_shop_behind_doors, shop
D:14:     minmay_expanding_squares, layout_long_grid, serial_park_square2
D:15:     hangedman_depths_entry_try_elsewhere_first, layout_basic,
          serial_shops, nicolae_shop_statue_plus, nicolae_shop_crystal,
          due_unseen_surprise
Lair:1:   layout_regular_city, small_statue_intersection, uniq_harold,
          uniq_amaemon
Lair:2:   layout_regular_city
Lair:3:   layout_gridlike, dummy_spider_entry
Lair:4:   layout_concentric_octagons, skrybe_swamp_entry_bodies,
          serial_bayou_shore_b, uniq_josephine
Lair:5:   layout_regular_city, minmay_slime_entry_jelly_boxes,
          hellmonk_ghost_happy_afterlife, serial_bayou_shore_b, uniq_snorg
Lair:6:   minmay_lair_end_frog_pond, layout_cave_pods, lemuel_fruit_tree
Swamp:1:  layout_basic_swamp, evilmike_swamp_ruin_wall, swamp_pool2,
          hangedman_swamp_dais, uniq_donald, uniq_aizul
Swamp:2:  layout_falls_marsh, nicolae_swamp_trees_clearing
Swamp:3:  layout_falls_marsh, ebering_ghost_rock_garden, serial_swamp_ruin,
          evilmike_swamp_ruin_house_4, evilmike_swamp_ruin_rubble_2,
          uniq_roxanne
Spider:1: layout_spider_delve, hangedman_spider_trapstep
Spider:2: layout_spider_delve
Orc:1:    layout_caves, basic_altar, biasface_ghost_orc_armoury
Orc:2:    grunt_orc_gardens, layout_caves, grunt_orc_garden, grunt_orc_garden,
          grunt_orc_garden, grunt_orc_garden,
          portal_ice_cave_entry_animals_and_master, basic_altar

Skill      XL: |  1  2  3  4  5  6  7  8  9 10 11 12 13 14 15 16 17 |
---------------+----------------------------------------------------+-----
Bows           | 5 6 7 9 11 14 15 16 18 | 18.5
Short Blades   | 1 2 3 4 6 8 9 |  9.4
Long Blades    | 14 17 18 19 | 19.1
Armour         | 2 6 8 12 14 | 14.7
Fighting       | 4 6 7 13 14 15 | 15.7
Dodging        | 8 10 | 10.9
Evocations     | 9 |  9.0
Stealth        | |  0.8

Action                   |  1- 3 |  4- 6 |  7- 9 | 10-12 | 13-15 | 16-18 || total
-------------------------+-------+-------+-------+-------+-------+-------++-------
Melee: Rapier            |       |    19 |   138 |   100 |       |       ||   257
       Punch             |       |       |     3 |     3 |     5 |       ||    11
       Long sword        |       |       |       |    77 |       |       ||    77
       Double sword      |       |       |       |    35 |   256 |       ||   291
       Great sword       |       |       |       |       |   211 |   652 ||   863
       Shortbow          |       |       |       |       |     1 |       ||     1
 Fire: Shortbow          |    93 |    80 |   263 |   576 |  1048 |    37 ||  2097
       Longbow           |       |       |       |       |       |   664 ||   664
Invok: Berserk           |       |     4 |     9 |     8 |     9 |     5 ||    35
       Trog's Hand       |       |     1 |     5 |    12 |    29 |    28 ||    75
 Abil: Hop               |     1 |       |     3 |     2 |     9 |     6 ||    21
Evoke: Wand              |       |       |     3 |    20 |    30 |    33 ||    86
       Tin of tremorston |       |       |       |     2 |     6 |     7 ||    15
  Use: Scroll            |       |       |    15 |    14 |    12 |     9 ||    50
       Potion            |       |       |       |     7 |       |     7 ||    14
 Stab: Confused          |       |       |     1 |       |       |       ||     1
       Petrified         |       |       |       |       |     3 |       ||     3
       Invisible         |       |       |       |       |       |     8 ||     8
Armor: Leather armour    |    15 |    22 |    25 |       |       |       ||    62
       Scale mail        |       |       |   111 |   176 |   406 |    78 ||   771
       Skin              |       |       |       |    41 |       |       ||    41
       Chain mail        |       |       |       |       |       |   525 ||   525
Dodge: Dodged            |    36 |    26 |   136 |   188 |   729 |   912 ||  2027

Table legend: (Time is in decaauts)
 A = Elapsed time spent in this place.
 B = Non-inter-level travel time spent in this place.
 C = Inter-level travel time spent in this place.
 D = Time resting spent in this place.
 E = Time spent auto-exploring this place.
 F = Levels seen in this place.
 G = Mean time per level.
                   A        B        C        D        E       F      G
               +--------+--------+--------+--------+--------+-----+--------+
         Total |  55368 |  53028 |   2340 |  24188 |  20030 |  30 | 1845.6 |
       Dungeon |  30439 |  29014 |   1425 |  13349 |  11313 |  15 | 2029.3 |
          Lair |  12539 |  11985 |    554 |   5225 |   4863 |   6 | 2089.8 |
         Swamp |   4480 |   4368 |    112 |   2077 |   1486 |   3 | 1493.3 |
   Spider Nest |   3580 |   3483 |     97 |   1636 |   1110 |   2 | 1790.0 |
  Orcish Mines |   3149 |   2998 |    151 |   1224 |   1032 |   2 | 1574.5 |
         Abyss |     32 |     32 |      0 |      0 |      0 |   1 |   32.0 |
        Bailey |   1147 |   1147 |      0 |    677 |    225 |   1 | 1147.0 |
               +--------+--------+--------+--------+--------+-----+--------+

Top non-repeatable levels by time:
    D:11: 4323 daAuts
Spider:1: 3291 daAuts
    D:10: 3169 daAuts
     D:6: 3030 daAuts
     D:5: 2760 daAuts
  Lair:6: 2553 daAuts
   Orc:2: 2503 daAuts
  Lair:5: 2396 daAuts
    D:14: 2386 daAuts
  Lair:4: 2353 daAuts
  Lair:3: 2325 daAuts
     D:4: 2043 daAuts
     D:2: 1994 daAuts
    D:13: 1939 daAuts
     D:9: 1823 daAuts
